 Dungeon Crawl Stone Soup version 0.20.1-1-g8b1a95d (webtiles) character file.

37 ScottishVillain the Ducker (level 3, -5/27 HPs)
             Began as a Demonspawn Gladiator on Dec 29, 2017.
             Slain by Menkaure (7 damage)
             ... on level 2 of the Dungeon.
             The game lasted 00:06:57 (1507 turns).

ScottishVillain the Ducker (Demonspawn Gladiator)   Turns: 1507, Time: 00:06:58

Health: -5/27      AC:  5    Str: 15    XL:     3   Next: 21%
Magic:  3/3        EV: 12    Int:  9    God:
Gold:   32         SH:  0    Dex: 14    Spells: 2/2 levels left

rFire    . . .     SeeInvis .   a - +0 trident
rCold    . . .     Gourm    .   (no shield)
rNeg     . . .     Faith    .   j - +0 ring mail (curse)
rPois    .         Spirit   .   (helmet restricted)
rElec    .         Reflect  .   (no cloak)
rCorr    .         Harm     .   (no gloves)
MR       .....                  (no boots)
Stlth    +.........             (no amulet)
Regen    0.1/turn               (no ring)
MPRegen  0.1/turn               (no ring)

@: no status effects
A: antennae 1, talons 1
a: no special abilities


You were on level 2 of the Dungeon.
You were not hungry.

You visited 1 branch of the dungeon, and saw 2 of its levels.

You collected 32 gold pieces.

Inventory:

Hand Weapons
 a - a +0 trident (weapon)
 e - a +0 spear
 g - a +0 hunting sling
Missiles
 h - 26 arrows
 i - 22 bolts
 k - 35 sling bullets
 m - 5 needles of frenzy
Armour
 b - a +0 leather armour
 c - a +0 helmet
 j - a cursed +0 ring mail (worn)
Scrolls
 n - a scroll of fog
Potions
 l - a potion of curing {unknown}
Comestibles
 f - a bread ration


   Skills:
 + Level 2.2 Fighting
 + Level 3.1 Polearms
 + Level 1.7 Throwing
 + Level 0.8 Armour
 + Level 3.1 Dodging


You had 2 spell levels left.
You didn't know any spells.

Dungeon Overview and Level Annotations

Branches:
Dungeon (2/15)

Altars:
Kikubaaqudgha
Yredelemnul

Annotations:
D:2 1 transporter, Menkaure


Innate Abilities, Weirdness & Mutations

You have a pair of small antennae on your head.
You have sharp toenails.


Message History

You hit the bat skeleton. You claw the bat skeleton.
You destroy the bat skeleton!
The adder zombie barely misses you.
You barely miss the adder zombie. You claw the adder zombie.
The adder zombie is heavily damaged.
The adder zombie closely misses you.
Menkaure casts a spell.
Menkaure seems to speed up.
You barely miss the adder zombie.
You claw the adder zombie, but do no damage.
The adder zombie is heavily damaged.
The adder zombie bites you but does no damage. x2
You closely miss the adder zombie. You claw the adder zombie.
The adder zombie is severely damaged.
The adder zombie misses you. Menkaure hits you!
* * * LOW HITPOINT WARNING * * *
The adder zombie bites you.
* * * LOW HITPOINT WARNING * * *
Menkaure hits you!
You die...

#.##.#.......[..©#...##.#
#.##.#.......%..!#....#.######
#.##.#..###.###.$#..#.).......
#.##.#..#8#.#8#._#....########
#.#..#..........:#..#.#
#[..©#..........⌠#....#
#....#..........[#....#
####.#..#8#.#8#ZM#.##.#
#.#..###.###@$#.##.#
#.#..........:#.##.#
#.#.=.........#.##.#
#.#############.##.###
#....................#
############.###.#.#.# #...
..... #####.#.#.# .....#


You could see Menkaure and an adder zombie.

Vanquished Creatures
  A gnoll (D:1)
  An ooze (D:2)
  A worm (D:2)
  A dart slug (D:1)
  A bat skeleton (D:2)
  A giant cockroach (D:2)
  3 goblins (D:1)
  2 hobgoblins (D:1)
  2 jackals (D:1)
  3 bats
  A frilled lizard (D:2)
17 creatures vanquished.

Notes
Turn   | Place    | Note
-------+----------+-------------------------------------------
     0 | D:1      | ScottishVillain the Demonspawn Gladiator began the quest for the Orb.
     0 | D:1      | Reached XP level 1. HP: 16/16 MP: 1/1
   793 | D:2      | Gained mutation: You have sharp toenails. [demonic ancestry]
   793 | D:2      | Reached XP level 2. HP: 3/22 MP: 2/2
  1399 | D:2      | Found a transporter.
  1402 | D:2      | Found an ancient bone altar of Kikubaaqudgha.
  1411 | D:2      | Gained mutation: You have a pair of small antennae on your head. [demonic ancestry]
  1411 | D:2      | Reached XP level 3. HP: 23/27 MP: 3/3
  1426 | D:2      | Found a transporter.
  1437 | D:2      | Noticed Menkaure
  1445 | D:2      | Found a basalt altar of Yredelemnul.
  1507 | D:2      | Slain by Menkaure

Skill      XL: |  1  2 |
---------------+-------+-----
Dodging        | 3 |  3.1
Polearms       | 3 |  3.1
Fighting       | |  2.2
Throwing       | |  1.7
Armour         | |  0.8

Action                   || total
-------------------------++-------
Melee: Trident           ||    53
       Kick              ||    14
Throw: Throwing net      ||     4
  Use: Scroll            ||     1
 Stab: Held in net/web   ||     1
  Eat: Meat ration       ||     1
Armor: Ring mail         ||    23
Dodge: Dodged            ||    55
